 Dungeon Crawl Stone Soup version 0.31-a0-193-gdfe2569204 (webtiles) character file.

Game seed: 7456708734631290639

74 qw the Shooter (level 4, -1/25 HPs)
             Began as a Deep Elf Hunter on June 23, 2023.
             Slain by Robin
             ... wielding a +0 short sword
              (4 damage)
             ... on level 2 of the Dungeon.
             The game lasted 00:00:26 (1022 turns).

qw the Shooter (Deep Elf Hunter)                    Turns: 1022, Time: 00:00:26

Health: -1/25      AC:  3    Str:  7 (10) XL:     4   Next: 10%
Magic:  6/6        EV: 12    Int: 12 (14) God:
Gold:   65         SH:  0    Dex: 18      Spells: 3/3 levels left

rFire   . . .        Y - +0 shortbow
rCold   . . .        (shield currently unavailable)
rNeg    . . .        c - +0 leather armour
rPois   .            (no helmet)
rElec   .            (no cloak)
rCorr   .            (no gloves)
SInv    .            (no boots)
Will    .....        (no amulet)
Stlth   ++           (no ring)
HPRegen 0.24/turn    (no ring)
MPRegen 0.10/turn

%: no passive effects
@: no status effects
A: no striking features
a: no special abilities


You were on level 2 of the Dungeon.
You visited 1 branch of the dungeon, and saw 2 of its levels.

You collected 65 gold pieces.


   Skills:
 - Level 1.5 Fighting
 + Level 7.5 Ranged Weapons
 - Level 2.4 Dodging
 - Level 1.2 Stealth


You had 3 spell levels left.
You didn't know any spells.
Your spell library was empty.

Inventory:

Hand Weapons
 Y - a +0 shortbow (weapon)
Armour
 a - a +0 ring mail
 b - a +0 pair of boots
 c - a +0 leather armour (worn)
Scrolls
 e - a scroll of enchant armour {unknown}
Potions
 d - a potion of cancellation {unknown}
 f - a potion of enlightenment {unknown}
 i - a potion of resistance {unknown}

Dungeon Overview and Level Annotations

Branches:
Dungeon (2/15)

Altars:

Annotations:
D:2 Robin


Message History

The goblin hits you but does no damage.
Robin roars a battlecry!
The goblins go into a battle-frenzy!
The hobgoblin misses you. The hobgoblin hits you.
The goblin hits you but does no damage.
You shoot an arrow. The arrow barely misses the goblin.
The arrow hits the goblin.
The goblin is heavily wounded.
The goblin closely misses you. The hobgoblin misses you.
You shoot an arrow. The arrow hits the goblin.
The goblin is moderately wounded.
The goblin hits you with a +0 club. The hobgoblin barely misses you.
You shoot an arrow. The arrow closely misses the goblin. x2
The hobgoblin barely misses you. The goblin closely misses you.
You shoot an arrow. The arrow closely misses the goblin. x2
The goblin hits you with a +0 club. The hobgoblin closely misses you.
You shoot an arrow. The arrow hits the goblin!
You kill the goblin!
Robin throws the goblin at you! The goblin closely misses you.
The hobgoblin hits you but does no damage.
You feel your dexterity returning.
You shoot an arrow. The arrow hits the goblin.
The goblin is moderately wounded.
The goblin barely misses you. The hobgoblin hits you.
You shoot an arrow. The arrow hits the goblin!
You kill the goblin!
The hobgoblin hits you but does no damage.
You shoot an arrow. The arrow hits the goblin!
You kill the goblin!
The hobgoblin misses you.
You shoot an arrow. The arrow hits the hobgoblin.
The hobgoblin is heavily wounded.
The hobgoblin completely misses you.
You shoot an arrow. The arrow hits the hobgoblin!
You kill the hobgoblin!
The hobgoblin hits you. Robin barely misses you.
You shoot an arrow.
The arrow hits Robin but does no damage.
Robin hits you with a +0 short sword.
You die...

#.##.# #.# ....
#.##.###.##.......##
#........#.........##
.........)........)g
###...####.........
##.## #...[..g #.#
#..... #.# ###..g####
#.# #....g@..# #.#
#.##.###.# #
##.###.########
#.#..............
###.#......########
>.........#
#.#......# #........#
####.#####


You could see Robin and a hobgoblin (strong).

Vanquished Creatures
  Jessica (D:2)
  2 dart slugs
  An endoplasm (D:1)
  2 giant cockroaches (D:1)
  5 hobgoblins
  2 jackals (D:1)
  3 quokkas (D:1)
  3 ball pythons (D:1)
  3 bats
  2 frilled lizards
  11 goblins
  A kobold (D:1)
  3 rats
39 creatures vanquished.

Notes
Turn   | Place    | Note
-------+----------+-------------------------------------------
     0 | D:1      | qw the Deep Elf Hunter began the quest for the Orb.
     0 | D:1      | Reached XP level 1. HP: 12/12 MP: 3/3
     0 | D:1      | 0 ||| qw: Version: 0.3-a-9-g12657ce
     0 | D:1      | 0 ||| qw: Game counter: 4633
     0 | D:1      | 0 ||| qw: Always use a shield: true
     0 | D:1      | 0 ||| qw: God list: Okawaru
     0 | D:1      | 0 ||| qw: Allow faded altars: false
     0 | D:1      | 0 ||| qw: Do Orc after D:15 true
     0 | D:1      | 0 ||| qw: Do second Lair branch before Depths: true
     0 | D:1      | 0 ||| qw: Lair rune preference: random
     0 | D:1      | 0 ||| qw: Plans: Normal
     0 | D:1      | 0 ||| PLANNING D:1-11
   176 | D:1      | Reached skill level 6 in Ranged Weapons
   176 | D:1      | Reached XP level 2. HP: 16/16 MP: 4/4
   595 | D:1      | 595 ||| READING scroll labelled XEAWNE WANAN.
   599 | D:1      | 599 ||| READING scroll labelled FIGOAB VIOMUTE.
   600 | D:1      | 600 ||| READING scroll labelled GICIZE OJIHU.
   601 | D:1      | 601 ||| READING scroll labelled YMAFIZ UTOJECK.
   602 | D:1      | 602 ||| DRINKING 2 fuming red potions.
   603 | D:1      | 603 ||| DROPPING scroll of butterflies.
   604 | D:1      | 604 ||| DROPPING potion of degeneration.
   642 | D:2      | Found a faded altar of an unknown god.
   668 | D:2      | Reached XP level 3. HP: 20/20 MP: 5/5
   797 | D:2      | 797 ||| FLEEEEING.
   798 | D:2      | 798 ||| FLEEEEING.
   799 | D:2      | 799 ||| FLEEEEING.
   800 | D:2      | 800 ||| FLEEEEING.
   801 | D:2      | 801 ||| FLEEEEING.
   802 | D:2      | 802 ||| FLEEEEING.
   803 | D:2      | 803 ||| FLEEEEING.
   804 | D:2      | 804 ||| FLEEEEING.
   805 | D:2      | 805 ||| FLEEEEING.
   806 | D:2      | 806 ||| FLEEEEING.
   807 | D:2      | 807 ||| FLEEEEING.
   808 | D:2      | 808 ||| FLEEEEING.
   809 | D:2      | 809 ||| FLEEEEING.
   810 | D:2      | 810 ||| FLEEEEING.
   811 | D:2      | 811 ||| FLEEEEING.
   812 | D:2      | 812 ||| FLEEEEING.
   813 | D:2      | 813 ||| FLEEEEING.
   957 | D:2      | Noticed Jessica
   964 | D:2      | Killed Jessica
   965 | D:2      | Reached skill level 7 in Ranged Weapons
  1004 | D:2      | Noticed Robin
  1005 | D:2      | 1005 ||| Stepping ~*~*~tactically~*~*~ (outnumbered).
  1007 | D:2      | Reached XP level 4. HP: 22/25 MP: 6/6
  1021 | D:2      | HP: 3/25 [hobgoblin[Robin] (6)]
  1022 | D:2      | Slain by Robin

Levels and vault maps discovered:
D:1:      tarquinn_simple_flora_water_d, layout_basic
D:2:      layout_loops_corners, nicolae_ecumenical_pavilion, uniq_jessica,
          uniq_robin, uniq_natasha

Skill      XL: |  1  2  3 |
---------------+----------+-----
Ranged Weapons | 6 7 |  7.5
Fighting       | |  1.5
Dodging        | |  2.4
Stealth        | |  1.2

Action                     |  1- 3 |  4- 6 || total
---------------------------+-------+-------++-------
   Fire: Shortbow          |    68 |    16 ||    84
    Use: Scroll            |     4 |       ||     4
         Potion            |     1 |       ||     1
 Armour: Leather armour    |     1 |     8 ||     9
  Dodge: Dodged            |     6 |    14 ||    20

Table legend:
 A = Non-vault XP
 B = Vault XP
 C = Vault XP percentage of total XP
 D = Non-vault monster count
 E = Vault monster count
 F = Vault count percentage of total count
                 A         B        C        D         E       F
            +---------+---------+-------+---------+---------+-------
      Total |      50 |      57 |  53.3 |      28 |      11 |  28.2
            +---------+---------+-------+---------+---------+-------
        D:1 |      40 |       0 |   0.0 |      23 |       0 |   0.0
        D:2 |      10 |      57 |  85.1 |       5 |      11 |  68.8
            +---------+---------+-------+---------+---------+-------
